 Dungeon Crawl Stone Soup version 0.31.0-12-g77e489cdc1 (webtiles) character file.

Game seed: 13096582774694408496

194888 monsoonserge the Eclecticist (level 19, -20/130 HPs)
             Began as a Djinni Fire Elementalist on Feb 12, 2024.
             Was an Initiate of Gozag.
             Killed from afar by an ice dragon (63 damage)
             ... with a blast of cold
             ... on level 15 of the Dungeon on Feb 13, 2024.
             The game lasted 04:11:51 (48327 turns).

monsoonserge the Eclecticist (DjFE)                Turns: 48327, Time: 04:11:52

Health: -20/130    AC:  6    Str:  7    XL:     19   Next: 48%
Gold:   2791       EV: 13    Int: 38    God:    Gozag SH: 23 Dex: 14

rFire   + + +        P - staff of fire
rCold   . . .        b - +0 tower shield
rNeg    . . .        U - +0 robe of Fyoc Deu {Will+++}
rPois   ∞            x - +0 hat of an ossuary {Harm rElec rPois rF- Int+3}
rElec   +            p - +0 cloak {Will+}
rCorr   .            y - +2 pair of gloves of Daisies {rF+ Int+4}
SInv    +            (boots unavailable)
Will    +++++        k - amulet of reflection
Stlth   +++++        Z - ring "Boasio" {Wiz Int+6}
HPRegen 0.41/turn    q - ring "Toomof" {rC+ SInv}
MPRegen 0.00/turn

%: harm (+30% outgoing, +20% incoming), reflection, wizardry (x1), infuse magic
(-21 HP)
@: flying
A: sickness immunity, fire resistance 2, cold vulnerability 1, float, innate
caster, HP casting, extra vitality 1
a: Renounce Religion, Potion Petition, Call Merchant, Bribe Branch


You were on level 15 of the Dungeon.
You worshipped Gozag.
Gozag was most pleased with you.
You visited 6 branches of the dungeon, and saw 29 of its levels.
You also visited: Trove, Sewer, Ice Cave and Volcano.

You collected 11392 gold pieces.
You spent 3305 gold pieces at shops.
You paid 5296 gold pieces to Gozag.

Inventory:

Missiles
 z - 8 atropa-tipped darts (quivered)
 F - 4 throwing nets
 S - 5 curare-tipped darts
Armour
 b - a +0 tower shield (worn)
 p - a +0 cloak of willpower (worn)
 x - the +0 hat of an ossuary (worn) {Harm rElec rPois rF- Int+3}
   (You found it in a treasure trove)

   Int+3:     It affects your intelligence (+3).
   rF-:       It makes you vulnerable to fire.
   rElec:     It insulates you from electricity.
   rPois:     It protects you from poison Harm: It increases damage dealt and
   taken.
 y - the +2 pair of gloves of Daisies (worn) {rF+ Int+4}
   (You found it in a treasure trove)

   Int+4:     It affects your intelligence (+4).
   rF+:       It protects you from fire.
 U - the +0 robe of Fyoc Deu (worn) {Will+++}
   (You bought it in a shop on level 8 of the Dungeon)

   Will+++:   It greatly increases your willpower.
Magical Staves
 P - a staff of fire (weapon)
 W - a staff of conjuration
Jewellery
 k - an amulet of reflection (around neck)
 q - the ring "Toomof" (right hand) {rC+ SInv}
   (You acquired it on level 2 of the Snake Pit)

   [ring of see invisible]

   rC+:       It protects you from cold.
   SInv:      It lets you see invisible.
 s - a ring of resist corrosion
 Z - the ring "Boasio" (left hand) {Wiz Int+6}
   (You found it on level 4 of the Lair of Beasts)

   [ring of wizardry]

   Wiz:       It improves your spell success rate.
   Int+6:     It affects your intelligence (+6).
Wands
 d - a wand of paralysis (2)
 n - a wand of iceblast (21)
 r - a wand of digging (6)
 G - a wand of polymorph (17)
 H - a wand of quicksilver (17)
 I - a wand of mindburst (10)
Scrolls
 a - 7 scrolls of fear
 e - 8 scrolls of revelation
 j - 6 scrolls of immolation
 m - a scroll of summoning
 A - a scroll of poison
 B - 7 scrolls of blinking
 C - 5 scrolls of vulnerability
 D - 2 scrolls of silence
 E - 5 scrolls of teleportation
 J - 6 scrolls of fog
 Q - 3 scrolls of enchant weapon
 R - a scroll of brand weapon
 T - 4 scrolls of enchant armour
Potions
 c - 3 potions of brilliance
 g - 7 potions of lignification
 i - 3 potions of berserk rage
 l - 2 potions of haste
 o - 4 potions of mutation
 t - 4 potions of might
 u - 2 potions of heal wounds
 v - 5 potions of invisibility
 w - 2 potions of cancellation
 M - 8 potions of curing
 N - 2 potions of resistance
 O - 2 potions of ambrosia
 X - 4 potions of enlightenment
 Y - a potion of attraction
Miscellaneous
 f - a phial of floods
 h - a phantom mirror
 L - a box of beasts


   Skills:
 + Level 10.0 Fighting
 + Level 0.1 Staves
 + Level 10.0 Dodging
 - Level 13.1 Stealth
 * Level 14.1 Shields
 * Level 18.2 Spellcasting
 * Level 18.2 Conjurations
 * Level 18.2 Hexes
 * Level 18.2 Summonings
 * Level 18.2 Necromancy
 * Level 18.2 Translocations
 * Level 18.2 Fire Magic
 * Level 18.2 Ice Magic
 * Level 18.2 Air Magic
 * Level 18.2 Earth Magic
 * Level 18.2 Alchemy
 + Level 8.0 Evocations


You knew the following spells:

 Your Spells              Type           Power      Damage    Failure   Level
a - Foxfire               Conj/Fire      100%       2x1d9     0%          1
b - Scorch                Fire           100%       2d9       0%          2
c - Volatile Blastmotes   Fire/Tloc      100%       2d18      0%          3
d - Inner Flame           Hex/Fire       100%       N/A       0%          3
e - Flame Wave            Conj/Fire      100%       2d21      1%          4
f - Necrotise             Necr           100%       1d9       0%          1
g - Mercury Vapours       Alch/Air       100%       N/A       0%          2
h - Sigil of Binding      Hex            100%       N/A       0%          3
i - Sticky Flame          Fire/Alch      100%       2d15      1%          4
j - Petrify               Alch/Erth      100%       N/A       1%          4
k - Summon Mana Viper     Hex/Summ       100%       N/A       1%          5
l - Conjure Ball Lightni  Conj/Air       54%        3x3d20    1%          6
m - Death Channel         Necr           54%        N/A       1%          6
n - Monstrous Menagerie   Summ           54%        N/A       1%          7
Your spell library was empty.

Dungeon Overview and Level Annotations

Branches:
Dungeon (15/15)            Temple (1/1) D:6            Lair (5/5) D:8
  Swamp (3/4) Lair:2        Snake (3/4) Lair:2        Slime (0/5) Lair:4
    Orc (2/2) D:9             Elf (0/3) Orc:2        Vaults (0/5) D:14
  Sewer (visited)           IceCv (visited)         Volcano (visited)
 Depths: D:15

Altars:
Ashenzari
Cheibriados
Dithmenos
Elyvilon
Fedhas
Gozag
Hepliaklqana
Makhleb
Nemelex Xobeh
Okawaru
Qazlal
Ru
Trog
Uskayaw
Wu Jian
Xom
Yredelemnul
Zin
The Shining One
Jiyva
Lugonu

Shops:
D:8 *?   D:9 [   D:11 *[   Orc:2 [*(:

Portals:
Abyss: Lair:5

Annotations:
D:8 2 transporters, Greth's ghost, novice MiFi
Swamp:3 Strat's ghost, adept HuFi
Snake:3 Vashnia


Innate Abilities, Weirdness & Mutations

You are immune to sickness and miasma.
You are immune to poison.
Your flesh is very heat resistant. (rF++)
You are vulnerable to cold. (rC-)
You float through the air rather than walking.
You learn spells naturally, not from books.
Your magical power is your life essence.
You have superior vitality. (+4 MHP)


Message History

The electric eel shoots out a bolt of lightning at you!
The bolt of electricity hits you. You resist.
Found a potion of mutation.
You start resting.
HP restored.
Found a scroll of vulnerability.
C - 5 scrolls of vulnerability (gained 1)
Found a scroll of fear.
o - 4 potions of mutation (gained 1)
a - 7 scrolls of fear (gained 1)
You see here a ring of poison resistance.
There is an open door here.
Found a potion of magic.
Found a short sword.
Press: ? - help, v - describe, . - travel A granite statue.
An ice dragon comes into view.
Found 9 gold pieces.
Found 14 gold pieces.
An ice dragon comes into view.
Found 61 gold pieces.
You see here a potion of magic.
Casting: Foxfire (safe; 0% risk of failure)
Confirm with . or Enter, or press ? or * to list all spells.
You feel a surge of power!
A cloud of volatile blastmotes flares up around you!
Run!
The ice dragon roars deafeningly! x2
The ice dragon breathes frost at you. The blast of cold hits you!!!
The cloud of blastmotes explodes!
The concussive blast engulfs the ice dragon.
The ice dragon is burned terribly!
The ice dragon is lightly wounded.
The ice dragon breathes frost at you. The blast of cold hits you!!
There is a stone staircase leading up here.
The ice dragon breathes frost at you. The blast of cold hits you!!!
You die...
Your body crumbles into a pile of gold.

.# ############# ..#
#..=........##...#
#................#
~.#####.........@.##.).
~♣#................#.#
~♣..........####.....#
♣...........##.'.....#
♣...........##.#.....##.#
####.######.##..D#......#
#....######.####.D.#.####
#...........# ##.#.###
#.#.######### #......#


You could see 2 ice dragons.

Vanquished Creatures
  Gastronok (Lair:1)
  Donald (Orc:2)
  A fenstrider witch (Swamp:2)
  The ghost of Xitaol the Ninja, an adept SpEn of Wu Jian (Snake:2)
  An orc warlord (Orc:2)
  An eleionoma (Swamp:1)
  The ghost of sadbutuwu the Carver, a journeyman DsGl of Cheibriados (Swamp:1)
  Azrael (D:13)
  8 hydras
  2 vault guards
  2 ironbound frosthearts (IceCv)
  A spriggan air mage (Swamp:1)
  10 anacondas
  7 alligators
  Erica (Lair:1)
  A centaur warrior (D:15)
  A ghost crab (Swamp:3)
  12 death yaks
  8 naga warriors
  4 two-headed ogres
  4 tengu warriors (D:13)
  A thrashing horror (Lair:5)
  2 shock serpents
  3 orc high priests (Orc:2)
  2 naga sharpshooters (Snake:2)
  A sun demon (Volcano)
  A shadow wraith (D:14)
  A skeletal warrior (D:15)
  Sonja (Lair:1)
  Amaemon (Lair:2)
  Lodul (D:12)
  4 skysharks
  4 goliath frogs (Swamp:1)
  A large abomination (Lair:5)
  3 bog bodies (Swamp:1)
  2 naga ritualists (Snake:2)
  A swamp dragon (Swamp:3)
  2 lindwurms
  3 spriggan druids
  4 mana vipers
  4 orc knights
  4 harpies (D:13)
  5 salamanders
  4 cyclopes
  8 ugly things
  Maurice (Orc:2)
  5 orc sorcerers
  2 manticores
  8 naga magi
  3 kobold blastminers (Orc:2)
  An ice statue (IceCv)
  20 black mambas
  7 elephants
  2 gargoyles
  11 cane toads
  2 guardian serpents
  An efreet (D:13)
  3 rime drakes
  A cane toad (shapeshifter) (D:13)
  3 kobold demonologists
  9 komodo dragons
  An unseen horror (D:11)
  A tengu conjurer (D:13)
  Psyche (D:10)
  A freezing wraith (D:14)
  A queen bee (shapeshifter) (D:14)
  12 polar bears
  A queen bee (D:8)
  4 trolls
  A bloated husk (Swamp:1)
  10 hornets
  8 tyrant leeches
  A raiju (Lair:5)
  22 blink frogs
  4 slime creatures (D:14)
  A shadow (D:10)
  2 wraiths
  2 spriggans (shapeshifter) (Lair:5)
  A vampire (D:11)
  20 spriggans
  7 basilisks
  49 yaks
  3 wyverns
  A hog (shapeshifter) (Lair:5)
  3 water elementals
  3 ynoxinuls (Lair:5)
  2 hogs (D:12)
  A warg (Orc:1)
  13 vampire mosquitoes
  A chaos spawn (Lair:5)
  13 nagas
  12 small abominations (Lair:5)
  6 swamp worms
  2 acid dragons
  30 orc warriors
  10 water moccasins
  5 hell hounds
  A black bear (D:5)
  3 swamp drakes (Swamp:1)
  An ice beast (D:8)
  A sky beast (D:6)
  20 wolves
  12 ogres
  2 boggarts (Lair:3)
  12 centaurs
  2 phantoms
  10 bullfrogs
  A gnoll sergeant (D:9)
  10 kobold brigands
  A scorpion (D:7)
  9 wights
  21 killer bees
  13 howler monkeys
  10 electric eels
  A bombardier beetle (D:6)
  28 orc priests
  9 hounds
  A jelly (D:6)
  A gnoll bouda (D:4)
  A sleepcap (D:4)
  Jessica (D:3)
  Terence (D:2)
  An iguana (D:5)
  20 orc wizards
  8 hell rats
  33 gnolls
  11 adders
  3 river rats (D:3)
  A white imp (D:7)
  2 ufetubi (D:6)
  3 ribbon worms (D:3)
  5 dart slugs
  82 orcs
  16 ball pythons
  5 bats
  4 endoplasms
  2 giant cockroaches
  3 goblins
  6 hobgoblins
  17 jackals
  48 kobolds
  3 quokkas
  3 frilled lizards
  14 rats
928 creatures vanquished.

Vanquished Creatures (collateral kills)
  Kirke (D:12)
  3 bunyips
  A shambling mangrove (Swamp:3)
  A hydra (Swamp:3)
  An alligator (Swamp:2)
  A salamander tyrant (Snake:2)
  A centaur warrior (D:13)
  A death yak (Lair:4)
  An anaconda (Snake:2)
  A naga warrior (Snake:1)
  A tengu warrior (D:13)
  A shock serpent (Snake:1)
  A thrashing horror (Lair:5)
  A hell knight (Volcano)
  4 skeletal warriors (D:15)
  A spriggan (Swamp:3)
  A large abomination (Lair:5)
  2 goliath frogs (Swamp:3)
  2 spriggan druids (Swamp:2)
  A salamander mystic (Snake:2)
  A swamp dragon (Swamp:3)
  A bog body (Swamp:2)
  7 ugly things (D:15)
  5 salamanders
  2 will-o-the-wisps
  An orange demon (Lair:2)
  A black mamba (Lair:2)
  An efreet (D:15)
  2 tyrant leeches
  4 hornets (Swamp:3)
  A yak (Lair:5)
  A fire elemental (D:13)
  A hog (D:12)
  A fire bat (Snake:2)
  2 swamp worms
  3 hell hounds
  4 laughing skulls (D:15)
  A boggart (Lair:4)
  3 centaurs (D:15)
  4 hell rats
  An orc wizard (Orc:2)
  An orc (Orc:2)
  4 ball lightnings
  27 foxfires
106 creatures vanquished.

Vanquished Creatures (others)
  A polar bear (IceCv)
  A wolf (IceCv)
  2 centaurs
  2 ufetubi (D:6)
  A quokka (D:8)
  64 ball lightnings
  1915 foxfires
1986 creatures vanquished.

Grand Total: 3020 creatures vanquished

Notes
Turn   | Place    | Note
-------+----------+-------------------------------------------
     0 | D:1      | monsoonserge the Djinni Fire Elementalist began the quest
                  | for the Orb.
     0 | D:1      | monsoonserge set off with the following spells memorised:
                  | Foxfire, Scorch, Volatile Blastmotes, Inner Flame, Flame
                  | Wave.
     0 | D:1      | Reached XP level 1. HP: 15/15 MP: 0/0
    70 | D:1      | Reached XP level 2. HP: 20/21 MP: 0/0
   486 | D:1      | Found a faded altar of an unknown god.
   516 | D:1      | Reached XP level 3. HP: 21/25 MP: 0/0
   516 | D:1      | Learned a level 1 spell: Necrotise
  1103 | D:2      | Reached XP level 4. HP: 26/31 MP: 0/0
  1195 | D:2      | Noticed Terence
  1201 | D:2      | Killed Terence
  1452 | D:2      | You are sucked into a shaft and drop 1 floor!
  1479 | D:3      | Noticed a kobold brigand
  1487 | D:3      | Noticed Jessica
  1489 | D:3      | Killed Jessica
  1490 | D:3      | Reached XP level 5. HP: 33/35 MP: 0/0
  1490 | D:3      | Learned a level 2 spell: Mercury Vapours
  1526 | D:3      | Killed a kobold brigand
  1718 | D:3      | Reached XP level 6. HP: 37/41 MP: 0/0
  1729 | D:3      | Reached skill level 5 in Spellcasting
  1729 | D:3      | Reached skill level 5 in Conjurations
  1729 | D:3      | Reached skill level 5 in Hexes
  1729 | D:3      | Reached skill level 5 in Summonings
  1729 | D:3      | Reached skill level 5 in Necromancy
  1729 | D:3      | Reached skill level 5 in Translocations
  1729 | D:3      | Reached skill level 5 in Fire Magic
  1729 | D:3      | Reached skill level 5 in Ice Magic
  1729 | D:3      | Reached skill level 5 in Air Magic
  1729 | D:3      | Reached skill level 5 in Earth Magic
  1729 | D:3      | Reached skill level 5 in Alchemy
  1777 | D:3      | Found a glowing drain.
  1809 | Sewer    | Entered a sewer
  2103 | Sewer    | Reached XP level 7. HP: 18/46 MP: 0/0
  2103 | Sewer    | Learned a level 3 spell: Sigil of Binding
  3652 | D:4      | Reached XP level 8. HP: 38/51 MP: 0/0
  3785 | D:4      | Reached skill level 1 in Fighting
  4353 | D:4      | Found an ornate altar of the Wu Jian Council.
  4684 | D:5      | Entered Level 5 of the Dungeon
  4703 | D:5      | Found an opulent altar of Gozag.
  4725 | D:5      | Reached skill level 1 in Evocations
  4739 | D:5      | Became a worshipper of Gozag Ym Sagoz the Greedy
  5164 | D:5      | Reached XP level 9. HP: 58/62 MP: 0/0
  5164 | D:5      | Learned a level 4 spell: Sticky Flame
  5231 | D:5      | Reached skill level 5 in Fighting
  5674 | D:5      | Found a burning altar of Makhleb.
  6099 | D:6      | Found a staircase to the Ecumenical Temple.
  6109 | Temple   | Entered the Ecumenical Temple
  6723 | D:6      | Found a blossoming altar of Fedhas.
  7249 | D:7      | Reached XP level 10. HP: 68/76 MP: 0/0
  7289 | D:7      | HP: 1/76 [centaur/arrow (9)]
  8182 | D:7      | Found a glowing silver altar of Zin.
  8529 | D:8      | Found a white marble altar of Elyvilon.
  8745 | D:8      | Found a snail-covered altar of Cheibriados.
  8985 | D:8      | Found a transporter.
  8991 | D:8      | Found a transporter.
  8993 | D:8      | Noticed a moth of wrath
  9149 | D:8      | Found a bloodstained altar of Trog.
  9189 | D:8      | Found a staircase to the Lair.
  9618 | D:8      | Reached skill level 5 in Stealth
  9618 | D:8      | Reached XP level 11. HP: 36/82 MP: 0/0
  9618 | D:8      | Learned a level 4 spell: Petrify
  9852 | D:8      | Noticed Greth's ghost (novice MiFi)
  9951 | D:9      | Noticed a purple ugly thing
  9960 | D:9      | Killed a purple ugly thing
 10699 | D:9      | Found a staircase to the Orcish Mines.
 10941 | D:9      | Found a broken altar of Ashenzari.
 10970 | D:9      | Found a sacrificial altar of Ru.
 10989 | D:9      | Noticed a two-headed ogre
 11014 | D:9      | Killed a two-headed ogre
 11304 | D:10     | Entered Level 10 of the Dungeon
 11380 | D:10     | Noticed Psyche
 11389 | D:10     | Killed Psyche
 12406 | D:10     | Found a shadowy altar of Dithmenos.
 12411 | D:10     | Noticed a two-headed ogre
 12418 | D:10     | Killed a two-headed ogre
 12780 | D:11     | Noticed a two-headed ogre
 12791 | D:11     | Killed a two-headed ogre
 12792 | D:11     | Reached skill level 10 in Spellcasting
 12792 | D:11     | Reached skill level 10 in Conjurations
 12792 | D:11     | Reached skill level 10 in Hexes
 12792 | D:11     | Reached skill level 10 in Summonings
 12792 | D:11     | Reached skill level 10 in Necromancy
 12792 | D:11     | Reached skill level 10 in Translocations
 12792 | D:11     | Reached skill level 10 in Fire Magic
 12792 | D:11     | Reached skill level 10 in Ice Magic
 12792 | D:11     | Reached skill level 10 in Air Magic
 12792 | D:11     | Reached skill level 10 in Earth Magic
 12792 | D:11     | Reached skill level 10 in Alchemy
 12849 | D:11     | Noticed a manticore
 12856 | D:11     | Reached skill level 10 in Stealth
 12856 | D:11     | Killed a manticore
 12857 | D:11     | Reached skill level 5 in Dodging
 12857 | D:11     | Reached XP level 12. HP: 77/88 MP: 0/0
 12876 | D:11     | Found a frozen archway.
 12926 | IceCv    | Entered an ice cave
 14331 | IceCv    | Noticed a death yak
 14332 | IceCv    | Noticed a death yak
 14333 | IceCv    | Noticed a death yak
 14354 | IceCv    | Killed a death yak
 14364 | IceCv    | Killed a death yak
 14365 | IceCv    | Killed a death yak
 14647 | IceCv    | Noticed an ironbound frostheart
 14744 | IceCv    | Killed an ironbound frostheart
 14904 | IceCv    | Noticed an ironbound frostheart
 14913 | IceCv    | Killed an ironbound frostheart
 15179 | IceCv    | Reached XP level 13. HP: 64/94 MP: 0/0
 15179 | IceCv    | Learned a level 5 spell: Summon Mana Viper
 15937 | IceCv    | Got the Compendium of Chilblains
 15943 | IceCv    | Identified the +2 war axe of Valour {vamp, Fly rC+ Str+3}
 16572 | D:11     | Identified the +1 trident "Pozot" {heavy, ^Fragile rF+
                  | Str+3 Dex+3}
 16605 | D:11     | Reached skill level 5 in Shields
 16708 | D:11     | Bought a scroll labelled ACRANOT IRGHEI for 31 gold pieces
 16712 | D:11     | Bought a pair of embroidered gloves for 255 gold pieces
 16737 | D:11     | Bought a glowing cloak for 255 gold pieces
 16816 | Lair:1   | Entered Level 1 of the Lair of Beasts
 17114 | Lair:1   | Noticed Gastronok
 17186 | Lair:1   | Killed Gastronok
 17201 | Lair:1   | Noticed Erica
 17359 | Lair:1   | Noticed Sonja
 17364 | Lair:1   | Killed Sonja
 17590 | Lair:1   | Killed Erica
 18210 | Lair:2   | Found a dark tunnel.
 18223 | Volcano  | Entered a volcano
 18379 | Volcano  | Reached XP level 14. HP: 23/101 MP: 0/0
 18733 | Lair:2   | Noticed Amaemon
 18745 | Lair:2   | Killed Amaemon
 19175 | Lair:2   | Found a staircase to the Swamp.
 19865 | Lair:2   | Found a staircase to the Snake Pit.
 20120 | Snake:1  | Entered Level 1 of the Snake Pit
 22055 | Lair:3   | Got Incantation, and How To Use It
 22556 | Lair:4   | Found a viscous altar of Jiyva.
 22560 | Lair:4   | Found a staircase to the Slime Pits.
 22566 | Lair:4   | Identified the ring "Boasio" {Wiz Int+6}
 23210 | Lair:4   | Reached XP level 15. HP: 75/105 MP: 0/0
 23210 | Lair:4   | Learned a level 6 spell: Conjure Ball Lightning
 23888 | Lair:5   | Entered Level 5 of the Lair of Beasts
 24204 | D:8      | Bought a scroll of immolation for 56 gold pieces
 24204 | D:8      | Bought a scroll of blinking for 105 gold pieces
 25037 | Lair:5   | Reached skill level 15 in Spellcasting
 25037 | Lair:5   | Reached skill level 15 in Conjurations
 25037 | Lair:5   | Reached skill level 15 in Hexes
 25037 | Lair:5   | Reached skill level 15 in Summonings
 25037 | Lair:5   | Reached skill level 15 in Necromancy
 25037 | Lair:5   | Reached skill level 15 in Translocations
 25037 | Lair:5   | Reached skill level 15 in Fire Magic
 25037 | Lair:5   | Reached skill level 15 in Ice Magic
 25037 | Lair:5   | Reached skill level 15 in Air Magic
 25037 | Lair:5   | Reached skill level 15 in Earth Magic
 25037 | Lair:5   | Reached skill level 15 in Alchemy
 27597 | Lair:5   | Found a corrupted altar of Lugonu.
 27597 | Lair:5   | Found a one-way gate to the infinite horrors of the Abyss.
 27892 | Orc:1    | Entered Level 1 of the Orcish Mines
 28525 | Orc:2    | Entered Level 2 of the Orcish Mines
 28631 | Orc:2    | Noticed Donald
 28649 | Orc:2    | Killed Donald
 29372 | Orc:2    | Found a staircase to the Elven Halls.
 29391 | Orc:2    | Noticed Maurice
 29402 | Orc:2    | Killed Maurice
 29715 | Orc:2    | Noticed an orc warlord
 29945 | Orc:2    | Killed an orc warlord
 29946 | Orc:2    | Reached XP level 16. HP: 78/112 MP: 0/0
 31174 | Orc:2    | Found Jufral's Antique Armour Shoppe.
 31207 | Orc:2    | Found Wioweneu's General Store.
 31208 | Orc:2    | Found Vemiuh's Book Emporium.
 31209 | Orc:2    | Found Anukhuwn's Antique Weapon Shoppe.
 31217 | Orc:2    | Bought a scroll of blinking for 97 gold pieces
 31217 | Orc:2    | Bought a potion of heal wounds for 65 gold pieces
 31225 | Orc:2    | Bought a glowing hat for 203 gold pieces
 31482 | D:9      | Bought a warped kite shield for 304 gold pieces
 31482 | D:9      | Identified the +0 kite shield of Goosoph {rPois} (You
                  | bought it in a shop on level 9 of the Dungeon)
 31484 | D:9      | Bought a spiked ring mail for 288 gold pieces
 31484 | D:9      | Identified the +0 ring mail "Murhinie" {Int+3} (You bought
                  | it in a shop on level 9 of the Dungeon)
 31553 | D:12     | Noticed Kirke
 31564 | D:12     | Killed Kirke
 31789 | D:12     | Found a portal to a secret trove of treasure.
 32124 | D:12     | Found a stormy altar of Qazlal.
 32436 | D:13     | Noticed Lodul
 32858 | D:12     | Killed Lodul
 33909 | D:13     | Noticed Azrael
 34398 | D:13     | Killed Azrael
 34693 | D:8      | Bought a scroll of teleportation for 42 gold pieces
 34815 | D:12     | You paid a toll of 15 scrolls of teleportation to enter a
                  | treasure trove
 34816 | Trove    | Entered a treasure trove
 34862 | Trove    | Identified the +0 hat of an ossuary {Harm rElec rPois rF-
                  | Int+3}
 34874 | Trove    | Identified the +2 pair of gloves of Daisies {rF+ Int+4}
 35348 | D:14     | Reached skill level 5 in Evocations
 35550 | D:14     | Found a broken altar of Ashenzari.
 36159 | D:14     | Found a gate to the Vaults.
 36466 | D:15     | Entered Level 15 of the Dungeon
 36833 | Swamp:1  | Entered Level 1 of the Swamp
 36834 | Swamp:1  | Found a runed translucent door.
 36868 | Swamp:1  | Noticed sadbutuwu's ghost (journeyman DsGl)
 37024 | Swamp:1  | Found an iron altar of Okawaru.
 38197 | Swamp:2  | Noticed a fenstrider witch
 38601 | Snake:1  | Reached XP level 17. HP: 100/118 MP: 0/0
 38601 | Snake:1  | Learned a level 6 spell: Death Channel
 39130 | D:8      | Bought a scroll labelled BAENUU ETESOUGUH for 26 gold
                  | pieces
 39130 | D:8      | Bought a jewelled robe for 148 gold pieces
 39130 | D:8      | Identified the +0 robe of Fyoc Deu {Will+++} (You bought it
                  | in a shop on level 8 of the Dungeon)
 39144 | D:8      | Bought 2 scrolls of blinking for 390 gold pieces
 39160 | D:8      | Bought a box of beasts for 1040 gold pieces
 39422 | Snake:1  | Found a blossoming altar of Fedhas.
 39513 | Snake:1  | Reached skill level 10 in Shields
 40283 | Snake:2  | Identified a scroll of acquirement
 40289 | Snake:2  | Acquired the ring "Toomof" {rC+ SInv}
 40298 | Snake:2  | Reached XP level 18. HP: 124/124 MP: 0/0
 41704 | Snake:2  | Found a runed translucent door.
 41704 | Snake:2  | Noticed Xitaol's ghost (adept SpEn)
 42241 | Snake:2  | Killed Xitaol's ghost
 42354 | Snake:3  | Noticed Vashnia
 42995 | Swamp:1  | Killed sadbutuwu's ghost
 43564 | Swamp:1  | Noticed a tentacled monstrosity
 44209 | Swamp:2  | Reached XP level 19. HP: 98/130 MP: 0/0
 44209 | Swamp:2  | Learned a level 7 spell: Monstrous Menagerie
 45770 | Swamp:3  | Reached skill level 10 in Dodging
 45938 | Swamp:3  | Found a runed translucent door.
 45965 | Swamp:3  | Noticed Strat's ghost (adept HuFi)
 47402 | D:15     | Reached skill level 10 in Fighting
 48327 | D:15     | Killed from afar by an ice dragon

Illustrated notes

Levels and vault maps discovered:
D:1:      roderic_crossed_star, layout_loops_cross,
          ebering_ecumenical_altar_sacrificial
D:2:      layout_basic, uniq_terence
D:3:      cheibrodos_thug_alley, layout_loops_ring, lightli_sewer_entry_pipes,
          uniq_jessica
D:4:      lemuel_castle_with_subvaults [lemuel_castle_interior_carwin_2],
          layout_gridville, mainiacjoe_overflow_small_starburst,
          nicolae_wu_jian_wuxing_cycle
D:5:      minmay_chambers_of_fours, layout_basic, mainiacjoe_overflow_chevrons,
          mainiacjoe_overflow_cross_hatched
D:6:      layout_loops_ring, mainiacjoe_overflow_boulevard, temple_fountains,
          corexii_leaking_fountain, nicolae_water_bricks, grunt_ministairs_3,
          chequers_big_river, minmay_misc_feat_square, glass_columns_a
D:7:      layout_loops_corners, zin_treasury, minmay_manual_mail
D:8:      layout_basic, elyvilon_altar_4, nicolae_overflow_crystal_walls,
          lair_entry_dummy, gammafunk_ghost_wrathful_warriors,
          nicolae_looking_at_the_future
D:9:      layout_basic, lemuel_tele_altar, lemuel_doored_altar,
          minmay_orc_entry_temple_small, dreamdust_princess_bridge,
          minmay_strange_pillars
D:10:     layout_gridville, nicolae_dithmenos_shadow_blocks, uniq_psyche
D:11:     layout_gridville, portal_ice_cave_entry_pillars_1
D:12:     layout_roguey, enter_trove_5, nicolae_qazlal_eye_of_the_storm,
          uniq_kirke
D:13:     layout_cave_pods, hangedman_aviary, uniq_azrael, uniq_lodul
D:14:     layout_irregular_city, david_vaults_4, serial_bayou,
          serial_bayou_lagoon_b, serial_bayou_shore_b, serial_bayou_pond_d,
          serial_bayou_pond_a, serial_bayou_shore_a, evilmike_ruin_ashenzari,
          hex_tiny, minivault_10
D:15:     grunt_enter_depths_hoard, layout_basic, serial_bayou_lake_a
Temple:   chequers_temple_sunken
Lair:1:   wander_river, layout_misc_corridors, serial_bayou,
          serial_bayou_ford_a, serial_bayou_shore_b, serial_bayou_crossing,
          serial_bayou_pond_c, serial_bayou_pond_a, st_stairs_13,
          chequers_serial_rivers_small_a, serial_bayou_lagoon_a,
          grunt_forest_small_clearing_treed, uniq_erica, uniq_sonja,
          uniq_gastronok
Lair:2:   layout_hall_layers, minmay_swamp_entry_swarm,
          alex1729_snake_entry_snake, nicolae_volcano_entry_two_sided,
          patterned_corridor, uniq_amaemon
Lair:3:   kb_forest_paths, layout_gridlike
Lair:4:   layout_concentric_octagons, slime_entry_1,
          grunt_forest_small_clearings, infiniplex_staircase_pool_2,
          lemuel_fruit_tree
Lair:5:   hellmonk_lair_end_abyssal_woods, layout_big_grid, st_stairs_13,
          grunt_forest_stairs_basic
Swamp:1:  cheibrodos_swamp_monstrosity, layout_falls_marsh,
          ebering_ghost_inner_flame, nicolae_swamp_feature_on_the_river_bank,
          swamp_pool_5, nicolae_swamp_bloodsuckers_inc
Swamp:2:  layout_basic_swamp, nicolae_swamp_very_dense_foliage, swamp_pool_3,
          nicolae_swamp_decorative_isthmus
Swamp:3:  layout_basic_swamp, gammafunk_ghost_grave,
          nicolae_swamp_well_well_well, swamp_pool_5, ldierk_geyser
Snake:1:  layout_onion_interference, basic_altar
Snake:2:  layout_cave_pods, hellmonk_ghost_happy_afterlife, grunt_megastairs_2
Snake:3:  layout_cave_shapes, basic_altar, minmay_shop_enchanted_jewellery,
          uniq_vashnia
Orc:1:    layout_diamond_mine
Orc:2:    st_orc_congregation, layout_diamond_mine, basic_altar, uniq_donald,
          uniq_maurice

Skill      XL: |  1  2  3  4  5  6  7  8  9 10 11 12 13 14 15 16 17 18 19 |
---------------+----------------------------------------------------------+-----
Stealth        | 2 5 10 13 | 13.1
Dodging        | 3 4 5 7 8 9 10 | 10.0
Spellcasting   | 4 5 6 7 9 10 12 14 16 17 18 | 18.2
Conjurations   | 4 5 6 7 9 10 12 14 16 17 18 | 18.2
Hexes          | 4 5 6 7 9 10 12 14 16 17 18 | 18.2
Summonings     | 4 5 6 7 9 10 12 14 16 17 18 | 18.2
Necromancy     | 4 5 6 7 9 10 12 14 16 17 18 | 18.2
Translocations | 4 5 6 7 9 10 12 14 16 17 18 | 18.2
Fire Magic     | 4 5 6 7 9 10 12 14 16 17 18 | 18.2
Ice Magic      | 4 5 6 7 9 10 12 14 16 17 18 | 18.2
Air Magic      | 4 5 6 7 9 10 12 14 16 17 18 | 18.2
Earth Magic    | 4 5 6 7 9 10 12 14 16 17 18 | 18.2
Alchemy        | 4 5 6 7 9 10 12 14 16 17 18 | 18.2
Fighting       | 4 7 8 9 10 | 10.0
Evocations     | 2 3 4 6 7 8 |  8.0
Shields        | 4 5 6 9 11 13 14 | 14.1
Staves         | |  0.1

Action                     |  1- 3 |  4- 6 |  7- 9 | 10-12 | 13-15 | 16-18 | 19-21 || total
---------------------------+-------+-------+-------+-------+-------+-------+-------++-------
  Melee: Short sword       |     4 |       |       |       |       |       |       ||     4
         Scimitar          |       |     2 |       |       |       |       |       ||     2
         Staff             |       |       |       |       |    15 |    17 |     3 ||    35
   Cast: Foxfire           |    40 |    38 |   153 |   167 |   333 |   351 |    27 ||  1109
         Scorch            |     8 |    40 |    61 |   167 |   288 |   272 |    76 ||   912
         Flame Wave        |       |     3 |     4 |    21 |    47 |    40 |     5 ||   120
         Mercury Vapours   |       |     2 |     1 |     5 |    12 |    21 |     5 ||    46
         Volatile Blastmot |       |       |    44 |    93 |   117 |    39 |    14 ||   307
         Inner Flame       |       |       |     2 |     3 |     2 |     4 |       ||    11
         Sigil of Binding  |       |       |     2 |       |       |     5 |       ||     7
         Sticky Flame      |       |       |       |     4 |    13 |    30 |       ||    47
         Petrify           |       |       |       |     1 |     6 |     1 |       ||     8
         Summon Mana Viper |       |       |       |       |    20 |    17 |     2 ||    39
         Necrotise         |       |       |       |       |    11 |     8 |       ||    19
         Conjure Ball Ligh |       |       |       |       |    10 |    15 |       ||    25
         Death Channel     |       |       |       |       |       |     6 |     2 ||     8
         Monstrous Menager |       |       |       |       |       |       |    47 ||    47
 Invoke: Call Merchant     |       |       |       |       |     3 |     2 |       ||     5
  Evoke: Wand              |       |       |       |     2 |    10 |     1 |     1 ||    14
         Box of beasts     |       |       |       |       |       |       |     1 ||     1
    Use: Scroll            |       |       |     7 |     4 |     8 |    14 |     2 ||    35
         Potion            |       |       |       |     8 |     3 |     1 |     4 ||    16
   Stab: Sleeping          |     1 |       |       |       |       |     1 |       ||     2
 Armour: Robe              |     4 |    12 |    41 |   134 |   219 |   176 |    52 ||   638
  Dodge: Dodged            |    13 |    15 |    30 |    87 |   173 |   128 |    19 ||   465
  Block: Buckler           |       |       |       |    38 |    58 |       |       ||    96
         Kite shield       |       |       |       |       |     3 |    99 |       ||   102
         Reflection        |       |       |       |       |       |    26 |    13 ||    39
         Tower shield      |       |       |       |       |       |   113 |    93 ||   206
